 Dungeon Crawl Stone Soup version 0.25.1-2-g60ff931df9 (webtiles) character file.

Game seed: 9141310406409701990

220 Doot the Firebug (level 5, -5/28 HPs)
             Began as a Tengu Fire Elementalist on Aug 17, 2020.
             Killed from afar by an orc wizard (15 damage)
             ... with a puff of frost
             ... while paralysed
             ... on level 4 of the Dungeon.
             The game lasted 00:10:43 (3490 turns).

Doot the Firebug (Tengu Fire Elementalist)          Turns: 3490, Time: 00:10:43

Health: -5/28      AC:  2    Str:  8    XL:     5   Next: 97%
Magic:  10/11      EV:  2    Int: 17    God:
Gold:   221        SH:  0    Dex: 14    Spells: 3/11 levels left

rFire    + . .     SeeInvis .   f - +0 short sword (protect)
rCold    x . .     Gourm    .   (no shield)
rNeg     . . .     Faith    .   a - +0 robe
rPois    .         Spirit   .   (helmet restricted)
rElec    .         Reflect  .   r - scarf {+Inv}
rCorr    .         Harm     .   (no gloves)
MR       .....                  (boots unavailable)
Stlth    ++........             (no amulet)
HPRegen  0.09/turn              i - ring of fire (curse)
MPRegen  0.12/turn              (no ring)

@: paralysed, lethally poisoned (-5 -> -16), berserk cooldown, slowed
A: beak, talons 3, able to fly
a: Fly, Evoke Invisibility


You were on level 4 of the Dungeon.
You were not hungry.

You visited 1 branch of the dungeon, and saw 4 of its levels.

You collected 221 gold pieces.

Inventory:

Hand Weapons
 f - a +0 short sword of protection (weapon)
 h - a +0 dagger
 l - a +0 mace
Missiles
 u - 3 poisoned darts (quivered)
Armour
 a - a +0 robe (worn)
 b - a +2 ring mail of positive energy
 r - a scarf of invisibility (worn)
Jewellery
 i - a cursed ring of fire (left hand)
Scrolls
 j - a scroll of immolation {unknown}
 k - 2 scrolls of fear {unknown}
 m - a scroll of enchant weapon {unknown}
 n - a scroll of remove curse {unknown}
 p - a scroll of noise {unknown}
 q - 2 scrolls of magic mapping {unknown}
 s - a scroll of amnesia {unknown}
 v - 3 scrolls of blinking {unknown}
Potions
 d - a potion of curing {unknown}
 e - a potion of heal wounds
 t - a potion of lignification {unknown}
Comestibles
 c - 11 rations


   Skills:
 + Level 3.0 Dodging
 + Level 2.9 Stealth
 + Level 3.7 Spellcasting
 + Level 2.6 Conjurations
 + Level 4.5 Fire Magic
 + Level 0.1 Evocations


You had 3 spell levels left.
You knew the following spells:

 Your Spells              Type           Power        Failure   Level  Hunger
a - Foxfire               Conj/Fire      ###.         3%          1    None
b - Sticky Flame          Conj/Fire      ###.....     36%         4    ####...
c - Mephitic Cloud        Conj/Pois/Air  #.......     34%         3    ###....

Your spell library contained the following spells:

 Spells                   Type           Power        Failure   Level  Hunger
 Magic Dart               Conj           ##..         5%          1    None
 Conjure Flame            Conj/Fire      ###.....     11%         3    ###....
 Inner Flame              Hex/Fire       ###.....     19%         3    ###....
 Blink                    Tloc           N/A          24%         2    ##.....
 Call Imp                 Summ           #.......     24%         2    ##.....
 Slow                     Hex            #.......     24%         2    ##.....
 Fireball                 Conj/Fire      ###.......   71%         5    ######.


Dungeon Overview and Level Annotations

Branches:
Dungeon (4/15)
 Temple: D:4-7

Altars:
Gozag


Innate Abilities, Weirdness & Mutations

You have a beak for a mouth.
You have claws for feet.
You can fly continuously.


Message History

You feel sick.
You see here 3 scrolls labeled XOMUTU BONE.
You barely miss the orc wizard. You peck the orc wizard!
You kill the orc wizard!
You feel sick.
You feel sick.
You feel a strong urge to attack something.
You feel sick.
Unknown command.
Unknown command.
Unknown command.
You are no longer berserk.
You pass out from exhaustion.
You feel as though you will be slow longer.
You feel sick.
You feel sick. The orc wizard casts a spell at you. The puff of frost hits you!
You feel a terrible chill!
Ouch! That really hurt!
You die...

#.#..<.......
#.#.########.
#.#.###
#..o..#
#..)).######
#..?........
#.....######
#.....#
###@###
#.......#
#........
#######.#


You could see an orc wizard.

Vanquished Creatures
  2 orc wizards
  A worker ant (D:4)
  6 adders
  2 oozes
  2 worms
  2 dart slugs
  2 leopard geckos
  3 orcs
  A ball python (D:3)
  8 bats
  4 giant cockroaches
  8 goblins
  7 hobgoblins
  4 frilled lizards
  8 kobolds
  7 rats
67 creatures vanquished.

Vanquished Creatures (others)
  166 foxfires
166 creatures vanquished.

Grand Total: 233 creatures vanquished

Notes
Turn   | Place    | Note
-------+----------+-------------------------------------------
     0 | D:1      | Doot the Tengu Fire Elementalist began the quest for the
                  | Orb.
     0 | D:1      | Reached XP level 1. HP: 10/10 MP: 4/4
   380 | D:1      | Reached XP level 2. HP: 15/15 MP: 3/6
   885 | D:1      | Reached XP level 3. HP: 19/19 MP: 3/7
  1654 | D:2      | Reached XP level 4. HP: 24/24 MP: 6/9
  1666 | D:2      | Learned a level 4 spell: Sticky Flame
  1694 | D:2      | Reached skill level 4 in Fire Magic
  1771 | D:2      | Learned a level 3 spell: Mephitic Cloud
  1804 | D:2      | Found an opulent altar of Gozag.
  2917 | D:3      | Gained mutation: You can fly continuously. [Tengu growth]
  2917 | D:3      | Reached XP level 5. HP: 28/28 MP: 7/10
  3490 | D:4      | Killed from afar by an orc wizard

Illustrated notes

Levels and vault maps discovered:
D:1:      dpeg_arrival_stone_temple_mockup, layout_loops_corners,
          minmay_pentomino_q4
D:2:      layout_basic, st_stairs_14,
          nicolae_gozag_cash_rules_everything_around_me
D:3:      layout_basic, first_ration, minmay_distorted
D:4:      layout_loops_ring, nicolae_ashenzari_panopticon,
          nicolae_tso_carved_into_rock, minitemple, minmay_temple_entry_slanted,
          st_stairs_11, serial_bayou_pond_c

Skill      XL: |  1  2  3  4  5 |
---------------+----------------+-----
Spellcasting   | 3 |  3.7
Fire Magic     | 4 |  4.5
Conjurations   | 2 |  2.6
Dodging        | 3 |  3.0
Stealth        | |  2.9
Evocations     | |  0.1

Action                   |  1- 3 |  4- 6 || total
-------------------------+-------+-------++-------
Melee: Dagger            |     3 |       ||     3
       Mace              |       |     3 ||     3
       Kick              |       |     3 ||     3
       Short sword       |       |     9 ||     9
       Peck              |       |     2 ||     2
 Cast: Foxfire           |    55 |    48 ||   103
       Mephitic Cloud    |       |     1 ||     1
 Abil: Evoke Invisibilit |       |     1 ||     1
  Use: Potion            |       |     2 ||     2
 Stab: Sleeping          |     1 |     3 ||     4
  Eat: Chunk             |     3 |     6 ||     9
Armor: Robe              |       |     5 ||     5
Dodge: Dodged            |    12 |    28 ||    40
